AoeStats
← Null

Four Lakes

509670948Analyzed
1v1 RM · 4d ago on Sep 27, 2026· 19m 20s· 2 players
Game mode
Random Map
Map size
Tiny (2 player)
Population
200
Speed
Normal
Resources
Standard
Victory
Conquest
Starting age
Dark Age
Ending age
Imperial Age
RankedLock teamsTeams togetherTeam positionsShared explorationLock speedFull tech treeHidden civsTurbo modeCheats
Victory
Defeat
🇺🇸 Varangians · United States
1039
+17
🇹🇼 Spanish · Taiwan
1064
-17
Φ
9:51 Feudal Age
11:55 Loom
14:44 Castle Age
13:12 Scale Barding Armor
16:37 Bloodlines
17:01 Double-Bit Axe
18:50 Light Cavalry
Null
8:00 Loom
10:03 Feudal Age
11:45 Scale Barding Armor
13:19 Double-Bit Axe
Connection lost

Rejoining the realm…

Still unreachable

The connection could not be restored.

Session expired

The server has moved on; the page needs a fresh start.